 Dungeon Crawl Stone Soup version 0.19-a0-742-g4563caa (webtiles) character file.

478 4thArraOfDagon the Ruffian (level 6, -2/61 HPs)
             Began as a Troll Warper on June 23, 2016.
             Was an Initiate of Ru.
             Shot with an arrow by a centaur (6 damage)
             ... on level 6 of the Dungeon.
             The game lasted 00:03:54 (722 turns).

4thArraOfDagon the Ruffian (Troll Warper)            Turns: 722, Time: 00:03:54

Health: -2/61      AC:  5    Str: 20    XL:     6   Next: 85%
Magic:  6/6        EV: 15    Int: 11    God:    Ru [......]
Gold:   58         SH:  5    Dex: 14    Spells: 2 memorised, 4 levels left

rFire  . . .     SeeInvis .       - Unarmed
rCold  . . .     Gourm    +     o - +0 robe {MR+}
rNeg   . . .     Faith    .     (no shield)
rPois  +         Spirit   .     (helmet restricted)
rElec  .         Dismiss  .     (no cloak)
rCorr  .         Reflect  +     (gloves unavailable)
SustAt .         Harm     .     (boots unavailable)
MR     +....                    k - +5 amulet of reflection
Stlth  ++........               (no ring)
                                a - ring of poison resistance

@: agile, flying, somewhat resistant to hostile enchantments, unstealthy
A: unfitting armour, claws 3, fast metabolism 3, gourmand, regeneration 2,
shaggy fur 1, tough skin 2
a: Renounce Religion


You were on level 6 of the Dungeon.
You worshipped Ru.
Ru was noncommittal.
You were very full.

You visited 1 branch of the dungeon, and saw 6 of its levels.

You collected 58 gold pieces.

Inventory:

Hand Weapons
 r - a +0 giant club
Missiles
 d - 5 tomahawks of dispersal (quivered)
Armour
 o - a +0 robe of magic resistance (worn)
Jewellery
 a - a ring of poison resistance (left claw)
 k - a +5 amulet of reflection (around neck)
Scrolls
 c - a scroll of blinking
 e - a scroll of immolation {unknown}
 h - 2 scrolls of identify {unknown}
 l - 2 scrolls of remove curse {unknown}
 m - a scroll of random uselessness {unknown}
 q - a scroll of teleportation {unknown}
Potions
 i - a potion of degeneration {unknown}
 j - a potion of agility
 n - a potion of curing {unknown}
 p - a potion of flight
Books
 b - a book of Spatial Translocations

   Spells                             Type                      Level
   a - Apportation                    Translocation                1
   b - Blink                          Translocation                2
   c - Shroud of Golubria             Charms/Translocation         2
   d - Portal Projectile              Translocation                3
   e - Teleport Other                 Translocation                3
   f - Passage of Golubria            Translocation                4
Comestibles
 f - 3 bread rations
 g - a slice of pizza


   Skills:
 + Level 3.1 Fighting
 - Level 0.8 Throwing
 - Level 1.9 Dodging
 * Level 6.7 Unarmed Combat
 - Level 1.2 Spellcasting
 - Level 2.1 Translocations


You had 4 spell levels left.
You knew the following spells:

 Your Spells              Type           Power        Failure   Level  Hunger
a - Apportation           Tloc           #.........   14%         1    ##.....
b - Blink                 Tloc           N/A          21%         2    ###....


Dungeon Overview and Level Annotations

Branches:
Dungeon (6/15)
 Temple: D:4-7

Altars:
Ru


Innate Abilities, Weirdness & Mutations

You are too large for most types of armour.
You have claws for hands.
Your metabolism is lightning-fast.
You like to eat raw meat.
You heal very quickly.
You are covered in fur. (AC +1)
You have very tough skin. (AC +2)


Message History

The centaur shoots an arrow.
The arrow hits you but does no damage.
The centaur shoots an arrow.
The arrow hits you!
You see here 2 arrows.
The centaur shoots an arrow.
The arrow hits you!
* * * LOW HITPOINT WARNING * * *
You see here an arrow.
Unknown command.
Unknown command.
It was a potion of agility.
You feel agile all of a sudden.
The centaur shoots an arrow.
The arrow hits you.
* * * LOW HITPOINT WARNING * * *
The centaur shoots an arrow.
The arrow hits you!
* * * LOW HITPOINT WARNING * * *
Unknown command.
Unknown command.
It was a potion of flight.
You feel very buoyant.
You fly up into the air.
The centaur shoots an arrow.
The arrow hits you.
You die...

#..........#.#.#
#..............)
#.........#.#.#.
##.####.........
## ###'#..#.#.#.
#...(.......
#.......#.#.
#.(.........
+@......c#.#
#...........
##########.. .


You could see a centaur.

Vanquished Creatures
  An ice beast (D:5)
  An ogre (D:5)
  A giant frog (D:6)
  A crimson imp (D:5)
  2 hounds
  A centaur zombie (D:6)
  An orc wizard (D:3)
  2 worker ants (D:5)
  A hound zombie (D:6)
  An adder (D:3)
  2 orcs (D:3)
  A bat (D:1)
  2 goblins
  A hobgoblin (D:1)
  A kobold (D:2)
  2 quokkas (D:5)
  2 giant newts (D:5)
  2 rats
25 creatures vanquished.

Notes
Turn   | Place    | Note
--------------------------------------------------------------
     0 | D:1      | 4thArraOfDagon the Troll Warper began the quest for the Orb.
     0 | D:1      | Reached XP level 1. HP: 19/19 MP: 1/1
     0 | D:1      | time to win
   280 | D:3      | Noticed an ogre
   291 | D:4      | Found a sacrificial altar of Ru.
   297 | D:4      | Noticed an ogre
   299 | D:4      | Became a worshipper of Ru the Awakened
   328 | D:3      | Noticed an orc wizard
   342 | D:3      | Reached XP level 2. HP: 25/27 MP: 2/2
   346 | D:3      | Learned a level 2 spell: Blink
   358 | D:3      | Reached skill level 3 in Unarmed Combat
   358 | D:3      | Reached XP level 3. HP: 30/33 MP: 3/3
   361 | D:3      | Reached skill level 4 in Unarmed Combat
   499 | D:5      | Entered Level 5 of the Dungeon
   536 | D:5      | Reached XP level 4. HP: 31/41 MP: 4/4
   538 | D:6      | Noticed a centaur
   559 | D:5      | Reached skill level 5 in Unarmed Combat
   593 | D:5      | Reached XP level 5. HP: 49/49 MP: 5/5
   613 | D:5      | Noticed an ice beast
   622 | D:5      | Killed an ice beast
   648 | D:5      | Noticed an ogre
   653 | D:5      | Killed an ogre
   653 | D:5      | Reached skill level 6 in Unarmed Combat
   653 | D:5      | Reached XP level 6. HP: 53/59 MP: 6/6
   722 | D:6      | Shot with an arrow by a centaur

Vault maps used:
D:1:      mrwooster_arrival_statue_2, minmay_close_crescents
D:2:      kennysheep_goblin_castle
D:3:      tgw_sif, kennysheep_vampire_church, nicolae_tso_carved_into_rock,
          uniq_grinder
D:4:      fedhas_altar_3, marbit_many_paths, nicolae_ru_sacrificial_ziggurat,
          first_bread, serial_undead, serial_undead_f, serial_undead_e,
          serial_undead_b, serial_undead_f, uniq_edmund
D:6:      nemelex_xobeh_ov_fountains_minmay, hex_medium, evilmike_ruin_ashenzari

Skill      XL: |  1  2  3  4  5  6 |
---------------+-------------------+-----
Unarmed Combat | 3 4 5 6 |  6.7
Fighting       | 2 3 |  3.1
Throwing       | |  0.8
Dodging        | |  1.9
Spellcasting   | |  1.2
Translocations | |  2.1

Action                   |  1- 3 |  4- 6 || total
-------------------------+-------+-------++-------
Melee: Unarmed           |    46 |    56 ||   102
       Punch             |       |     1 ||     1
  Use: Potion            |       |     2 ||     2
  Eat: Fruit             |     3 |       ||     3
       Chunk             |     6 |     3 ||     9
Armor: Robe              |    17 |    10 ||    27
Dodge: Dodged            |    18 |    26 ||    44
Block: Other             |     4 |    16 ||    20
